Map: Abyssal Reef LE

Players

Kelazhur - Winner!

  • Race: Terran Terran
  • Spawn Location: 5:00

SortOf

  • Race: Zerg Zerg
  • Spawn Location: 11:00

Event: WCS Austin 2017

VOD

Have the link to the VOD?

Description

Time

  • Played on: April 28, 2017, 5:29 p.m.
  • Length: 10:02

All games in this series

Show
View Real Time Build Order
Export as new Build Order

Kelazhur Terran - Winner!

Build Orders: Hellion Banshee, MMM Bio 

Get SALT Encoding   

  12  0:00  SCV  
  13  0:12  SCV  
  14  0:17  Supply Depot  
  14  0:24  SCV  
  15  0:38  SCV  
  15  0:39  Barracks  
  16  0:44  Refinery  
  16  0:50  SCV  
  17  1:02  SCV  
  18  1:14  SCV  
  19  1:26  Marine  
  19  1:27  Orbital Command  
  20  1:39  Command Center  
  20  1:44  Marine  
  21  1:52  SCV  
  22  1:57  Factory  
  22  2:03  Barracks Reactor  
  22  2:04  SCV  
  23  2:09  Refinery  
  23  2:14  Supply Depot  
  23  2:36  SCV  
  24  2:42  Starport  
  24  2:47  Hellion x2  
  24  2:48  SCV  
  24  2:51  Orbital Command  
  29  2:53  Barracks Tech Lab  
  29  3:00  SCV  
  30  3:08  Hellion  
  30  3:09  Hellion  
  34  3:13  SCV  
  34  3:18  SCV  
  36  3:26  Banshee  
  39  3:29  SCV  
  39  3:32  SCV  
  41  3:35  Supply Depot  
  41  3:41  SCV  
  42  3:44  Hellion x2  
  46  3:57  SCV x2  
  48  4:06  Supply Depot  
  48  4:09  SCV x2  
  54  4:10  Raven  
  52  4:20  Barracks Tech Lab  
  52  4:21  Command Center, SCV x2  
  54  4:29  Barracks  
  54  4:31  Barracks  
  54  4:33  SCV x2  
  54  4:34  Factory Reactor  
  54  4:36  Supply Depot  
  56  4:45  SCV  
  57  4:46  SCV  
  57  4:47  Marine  
  57  4:51  Stimpack  
  59  4:57  SCV  
  59  4:58  SCV  
  61  5:04  Refinery x2  
  61  5:05  Engineering Bay  
  61  5:06  Engineering Bay  
  61  5:09  Starport Reactor, SCV  
  61  5:10  SCV  
  61  5:12  Marine  
  60  5:21  Marine x2, SCV  
  56  5:22  SCV  
  56  5:30  Marine  
  56  5:33  Marine x2, SCV  
  56  5:34  Terran Infantry Weapons Level 1  
  56  5:35  Terran Infantry Armor Level 1, SCV  
  61  5:38  Orbital Command  
  61  5:40  Marine x2  
  63  5:46  SCV  
  63  5:47  SCV  
  65  5:51  Marine  
  65  5:52  Marine x2  
  68  5:57  Factory Reactor, Orbital Command  
  68  5:58  SCV  
  68  5:59  SCV  
  68  6:00  Marine  
  68  6:01  Marine  
  68  6:02  Barracks x2  
  72  6:06  Medivac x2  
  72  6:09  Marine  
  72  6:10  SCV  
  72  6:11  Marine x2  
  80  6:14  Supply Depot  
  80  6:19  SCV  
  80  6:20  Marine, Armory  
  80  6:21  Marine  
  80  6:24  SCV  
  84  6:25  SCV  
  85  6:34  Supply Depot  
  85  6:35  Marine x2  
  85  6:36  Marine, SCV  
  85  6:38  Supply Depot  
  85  6:39  SCV  
  90  6:46  SCV  
  91  6:48  Marine x2  
  91  6:51  Combat Shields  
  93  6:54  Barracks Reactor x2  
  93  6:56  Supply Depot, Marauder, SCV x2  
  93  6:58  Marine x2  
  99  7:01  Supply Depot  
  99  7:03  SCV  
  99  7:04  Widow Mine x2  
  99  7:05  Medivac  
  99  7:08  SCV  
  107  7:11  Marine  
  107  7:12  Marine  
  109  7:18  Marauder  
  110  7:23  Marine x2  
  110  7:29  Terran Infantry Weapons Level 2, Marine  
  113  7:30  Marine  
  113  7:31  Barracks  
  113  7:33  Barracks x2  
  113  7:34  Terran Infantry Armor Level 2  
  113  7:36  Medivac  
  116  7:39  Marauder  
  116  7:41  Marine x3  
  116  7:43  Marine x3  
  124  7:47  Marine  
  124  7:49  Supply Depot  
  125  7:53  Supply Depot  
  125  7:54  Widow Mine, Marine  
  125  7:59  Widow Mine  
  125  8:00  Medivac  
  125  8:01  Marauder  
  125  8:04  Marine x2  
  133  8:10  Medivac, Marine x3  
  138  8:19  Supply Depot  
  138  8:20  Marauder, Marine  
  138  8:21  Supply Depot  
  138  8:22  Marauder  
  137  8:31  Barracks Tech Lab  
  137  8:32  Marine x6, Barracks Tech Lab  
  137  8:33  Widow Mine x2  
  147  8:36  Medivac  
  147  8:41  Medivac  
  151  8:42  Marauder  
  151  8:43  Supply Depot, Marauder  
  153  8:58  Marine, Unknown, Marauder  
  153  9:01  Widow Mine x2  
  145  9:06  Medivac  
  136  9:11  Medivac  
  136  9:15  Marine  
  136  9:16  Marauder  
  138  9:22  Marine  
  138  9:23  Marine x7  
  138  9:24  Marauder  
  133  9:25  Marauder  
  133  9:28  Supply Depot  
  133  9:30  Widow Mine x2  
  139  9:33  Command Center, Marine  
  139  9:37  Marauder  
Show
View Real Time Build Order
Export as new Build Order

SortOf Zerg 

Build Orders: Pool First, Muta Ling Bane 

Get SALT Encoding   

  12  0:00  Drone  
  13  0:12  Overlord  
  13  0:17  Drone  
  14  0:31  Drone x2  
  16  0:36  Drone  
  17  0:47  Spawning Pool  
  17  0:48  Drone  
  17  0:56  Drone  
  18  0:57  Extractor  
  17  1:08  Drone  
  18  1:17  Hatchery  
  17  1:22  Drone  
  18  1:33  Queen  
  18  1:34  Zergling x2  
  21  1:42  Overlord  
  21  1:51  Drone  
  22  1:58  Metabolic Boost  
  22  2:02  Zergling x2  
  23  2:08  Queen  
  23  2:14  Drone  
  26  2:22  Overlord  
  26  2:35  Drone x2  
  27  2:39  Pneumatized Carapace  
  27  2:42  Drone  
  27  2:43  Drone  
  29  2:45  Drone x3  
  32  2:53  Drone  
  32  2:56  Overlord  
  33  3:05  Drone  
  34  3:11  Hatchery  
  33  3:18  Drone  
  33  3:19  Zergling x6  
  37  3:23  Drone  
  37  3:26  Queen  
  40  3:34  Overlord  
  40  3:35  Drone x2  
  40  3:36  Drone  
  43  3:46  Overlord  
  43  3:49  Drone  
  43  3:51  Overlord  
  43  3:54  Drone x2  
  43  3:55  Lair  
  46  3:56  Drone  
  46  3:59  Zergling x4  
  48  4:05  Queen  
  50  4:14  Drone  
  51  4:17  Drone x2, Spore Crawler  
  52  4:25  Zergling x4, Evolution Chamber  
  52  4:26  Drone x3, Evolution Chamber  
  52  4:29  Spore Crawler  
  54  4:33  Drone  
  54  4:35  Drone  
  55  4:46  Drone x2  
  55  4:52  Drone x2  
  59  4:53  Drone x3  
  59  4:54  Drone x2  
  59  4:55  Queen  
  65  5:02  Overseer  
  65  5:04  Drone, Queen  
  65  5:05  Extractor  
  65  5:06  Extractor  
  63  5:16  Overlord  
  63  5:18  Drone x6  
  66  5:21  Drone x2  
  68  5:32  Zerg Ground Armor Level 1  
  68  5:33  Drone x2  
  68  5:38  Drone  
  68  5:40  Zergling x2  
  70  5:43  Drone x2  
  70  5:46  Hatchery  
  70  5:47  Extractor  
  70  5:48  Zerg Melee Weapons Level 1  
  69  5:54  Drone x3  
  69  5:56  Zergling x8  
  76  6:04  Drone x2  
  76  6:05  Drone x2  
  76  6:06  Overlord  
  76  6:08  Extractor  
  76  6:10  Overlord  
  79  6:14  Baneling Nest  
  79  6:17  Spire  
  77  6:25  Overlord  
  77  6:29  Drone x5  
  77  6:31  Extractor  
  77  6:32  Drone  
  82  6:33  Drone x2  
  82  6:34  Zergling x2  
  82  6:35  Zergling x2  
  86  6:45  Zergling x2  
  86  6:46  Zergling x14  
  94  6:53  Hatchery  
  93  6:59  Centrifical Hooks  
  92  7:01  Baneling  
  92  7:02  Baneling x5  
  92  7:10  Drone x11  
  92  7:11  Drone, Overlord  
  92  7:15  Overlord  
  102  7:27  Zerg Ground Armor Level 2  
  102  7:28  Overlord  
  102  7:29  Zergling x2, Overlord  
  101  7:37  Zergling x2  
  101  7:38  Zergling x12  
  105  7:46  Drone, Mutalisk x6  
  105  7:49  Zerg Flyer Weapons Level 1  
  116  7:51  Overseer  
  116  7:56  Drone x3  
  116  7:58  Drone x3  
  118  8:03  Overlord x2  
  118  8:04  Drone x3  
  122  8:08  Baneling x4  
  122  8:15  Zergling x20  
  122  8:16  Baneling  
  122  8:18  Overlord  
  122  8:19  Overlord  
  131  8:31  Zergling x2  
  131  8:32  Zergling x16  
  140  8:34  Baneling  
  140  8:35  Baneling x4  
  140  8:41  Zergling x14  
  141  8:50  Zergling x10  
  141  8:51  Baneling x5  
  141  8:52  Baneling x3  
  138  9:00  Zergling x16  
  114  9:19  Mutalisk  
  114  9:20  Mutalisk x10  
  129  9:27  Baneling  
  129  9:28  Baneling x4  
  129  9:29  Zergling x12  
  137  9:34  Hatchery  
  137  9:35  Zergling x10  
Tags
 
Add a new tag
Caveats
  • Supply blocks, unpowered buildings, or Contaminate may cause inaccurate times.
  • Supply counts are checked every 10 seconds.